 Dungeon Crawl Stone Soup version 0.18.1-50-g88ac8fd (webtiles) character file.

25 Gargoyl the Skirmisher (level 2, -4/24 HPs)
             Began as a Demonspawn Abyssal Knight on Sept 28, 2016.
             Was a Follower of Lugonu.
             Killed themself with a bounced bolt of lightning (9 damage)
             ... on level 2 of the Dungeon.
             The game lasted 00:01:54 (529 turns).

Gargoyl the Skirmisher (Demonspawn Abyssal Knight)   Turns: 529, Time: 00:01:55

Health: -4/24      AC:  6    Str: 12    XL:     2   Next: 86%
Magic:  4/4        EV: 11    Int: 13    God:    Lugonu [*.....]
Gold:   51         SH:  2    Dex: 12    Spells: 0 memorised, 1 level left

rFire  . . .     SeeInvis .     a - +1 hand axe
rCold  . . .     Gourm    .     b - +0 leather armour
rNeg   . . .     Faith    .     (no shield)
rPois  .         Spirit   .     d - +0 helmet
rElec  .         Dismiss  .     (no cloak)
rCorr  .         Reflect  .     (no gloves)
SustAt .         Harm     .     (no boots)
MR     .....                    (no amulet)
Stlth  +.........               (no ring)
                                (no ring)

@: very slightly contaminated, not resistant to hostile enchantments, very
unstealthy
A: large bone plates 1
a: Depart the Abyss, Renounce Religion


You were on level 2 of the Dungeon.
You worshipped Lugonu.
Lugonu was aware of your devotion.
You were not hungry.

You visited 1 branch of the dungeon, and saw 2 of its levels.
You visited the Abyss 1 time.

You collected 51 gold pieces.

Inventory:

Hand Weapons
 a - a +1 hand axe (weapon)
Armour
 b - a +0 leather armour (worn)
 d - a +0 helmet (worn)
Wands
 e - a wand of lightning (9/15)
Scrolls
 i - a scroll of magic mapping {unknown}
 j - a scroll of fog {unknown}
Comestibles
 c - a bread ration
 h - a meat ration


   Skills:
 + Level 3.4 Fighting
 + Level 1.9 Axes
 * Level 2.1 Armour
 + Level 1.3 Dodging
 * Level 2.7 Invocations


You had one spell level left.
You didn't know any spells.

Dungeon Overview and Level Annotations

Branches:
Dungeon (1/15)

Altars:


Innate Abilities, Weirdness & Mutations

You are partially covered in large bone plates (AC +2, SH +2).


Message History

Lugonu accepts your kill.
You hit the giant gecko.
The giant gecko is severely wounded.
You hit the worm.
The worm is moderately wounded.
You hit the giant cockroach but do no damage.
The giant cockroach is almost dead.
The giant gecko bites you but does no damage.
The giant cockroach closely misses you. The worm bites you!
* * * LOW HITPOINT WARNING * * *
Okay, then.
You aren't carrying any potions.
Zapping:
e - a wand of lightning (9/15)
Press: ? - help, Shift-Dir - straight line That beam is likely to hit you.
Continue anyway?
You hear a mighty clap of thunder!
The bolt of lightning misses the worm.
The bolt of lightning hits the worm.
The worm is moderately wounded.
The bolt of lightning hits you!
You die...

####...#####.############
...............>.........
#############.#.###########
#...##........#
##..##........# #
#######..##........# #
#..................# #
........sw#........# #
........†@#........# #
........l?#........# #
..........#........# #
.........w#........# #
......###.......!..# #
...... #... ... ... .. ##..


You could see a worm, a dart slug, a giant gecko and a giant cockroach.

Vanquished Creatures
  A worm (D:2)
  A giant gecko (D:1)
  A goblin (D:1)
  3 hobgoblins (D:1)
  4 jackals (D:1)
  5 bats
  2 giant newts
  5 rats
22 creatures vanquished.

Notes
Turn   | Place    | Note
--------------------------------------------------------------
     0 | Abyss:1  | Gargoyl the Demonspawn Abyssal Knight began the quest for the Orb.
     0 | Abyss:1  | Reached XP level 1. HP: 18/18 MP: 2/2
    42 | Abyss:1  | Found a corrupted altar of Lugonu.
    50 | Abyss:2  | Found a corrupted altar of Lugonu.
    56 | Abyss:2  | Noticed a ynoxinul
    62 | D:1      | Escaped the Abyss
   240 | D:1      | Reached * piety under Lugonu
   373 | D:1      | Gained mutation: You are partially covered in large bone plates (AC +2, SH +2). [demonic ancestry]
   373 | D:1      | Reached XP level 2. HP: 24/24 MP: 3/3
   382 | D:1      | Reached skill level 1 in Dodging
   434 | D:1      | You fall through a shaft!
   529 | D:2      | Killed themself with a bounced bolt of lightning

Skill      XL: |  1  2 |
---------------+-------+-----
Armour         | 2 |  2.1
Dodging        | 1 |  1.3
Fighting       | |  3.4
Axes           | |  1.9
Invocations    | |  2.7

Action                   || total
-------------------------++-------
Melee: Hand axe          ||    66
Invok: Depart the Abyss  ||     1
Evoke: Wand              ||     1
  Use: Scroll            ||     3
Armor: Leather armour    ||    43
Dodge: Dodged            ||    78
Block: Other             ||     3
